[Event "Titled Tuesday Blitz November 07 Late 2023"]
[White "katharinareinecke"]
[Black "Smirnov, Timofey"]
[BlackFideId "24176427"]
[WhiteElo "1914"]
[BlackElo "2098"]
[Result "1-0"]
[Round "8"]
[TimeControl "180+1"]
[Date "2023.11.07"]
[WhiteClock "0:00:46"]
[BlackClock "0:00:01"]
[Board "116"]

1. d4 d5 2. c4 c6 3. Nf3 Nf6 4. g3 dxc4 5. Bg2 b5 6. O-O Bb7 7. a4 a6 8. Ne5 Qc7 9. b3 cxb3 10. Qxb3 e6 11. Ba3 Bxa3 12. Qxa3 Nbd7 13. Nxd7 Qxd7 14. e3 Qe7 15. Qxe7+ Kxe7 16. Nc3 Nd5 17. Ne4 f5 18. Nc5 Rab8 19. axb5 axb5 20. Ra7 Kd6 21. Bxd5 cxd5 22. Nxb7+ Kc6 23. Nc5 b4 24. Nxe6 b3 25. Rb1 Rhc8 26. Ra3 b2 27. Ra2 Kd6 28. Raxb2 Rxb2 29. Rxb2 Kxe6 30. Rb6+ Kf7 31. Kg2 Rd8 32. Rb7+ Kf6 33. Kf3 g6 34. h4 h5 35. Kf4 Rd6 36. Rb8 Kf7 37. Rb7+ Kf6 38. Kf3 Re6 39. Ke2 Rc6 40. Kd3 Rd6 41. Ra7 Rb6 42. Rd7 Ke6 43. Rg7 Kf6 44. Rg8 Kf7 45. Rd8 Ke6 46. Rg8 Kf7 47. Rc8 Ke6 48. Rc5 Rb3+ 49. Kd2 Rb2+ 50. Rc2 Rb3 51. Rc6+ Kf7 52. Rd6 Rb5 53. Rd7+ Ke6 54. Ra7 Rb2+ 55. Ke1 Rb1+ 56. Ke2 Rb2+ 57. Kf3 Rb6 58. Rc7 Kd6 59. Rg7 Rc6 60. Rxg6+ Kc7 61. Rxc6+ Kxc6 62. Kf4 Kd6 63. Kxf5 1-0


[Site "https://www.chess.com"]

[Event "Titled Tuesday Blitz November 07 Late 2023"]
[White "Dias, Joao Batista"]
[Black "Burke, Paul"]
[WhiteFideId "2108240"]
[BlackFideId "2605767"]
[WhiteElo "1966"]
[BlackElo "1873"]
[Result "1/2-1/2"]
[Round "8"]
[TimeControl "180+1"]
[Date "2023.11.07"]
[WhiteClock "0:01:09"]
[BlackClock "0:00:34"]
[Board "117"]

1. e4 e5 2. Nf3 Nc6 3. d4 exd4 4. Nxd4 Be7 5. Nxc6 dxc6 6. Qxd8+ Bxd8 7. Be3 Nf6 8. Bd3 O-O 9. Nc3 Ng4 10. Bf4 f6 11. f3 Ne5 12. Be2 Be6 13. O-O-O g5 14. Bg3 Nc4 15. Bf2 Be7 16. h4 h6 17. hxg5 hxg5 18. g3 a6 19. f4 Rad8 20. fxg5 fxg5 21. Bd4 Kf7 22. Bh5+ Kg8 23. Bg6 Bf6 24. Bc5 Nd6 25. Rh7 Bxc3 26. bxc3 Rf6 27. Rxc7 Rxg6 28. Rxd6 Rxd6 29. Bxd6 Bxa2 30. e5 Rg7 31. Rc8+ Kh7 32. Kd2 Rg8 33. Rc7+ Rg7 34. Kd3 Rxc7 35. Bxc7 Kg6 36. c4 Kf7 37. Kc3 Ke6 38. g4 b5 39. cxb5 axb5 40. Kd4 Bd5 41. Kc5 Bf3 42. Bd6 Bd5 43. c3 Bf3 44. Bb8 Bd5 45. Kd4 Bf3 46. Kc5 Bd5 47. Bc7 Bf3 48. Bb8 1/2-1/2


[Site "https://www.chess.com"]

[Event "Titled Tuesday Blitz November 07 Late 2023"]
[White "Duda, Jan-Krzysztof"]
[Black "Carlsen, Magnus"]
[WhiteFideId "1170546"]
[BlackFideId "1503014"]
[WhiteElo "3096"]
[BlackElo "3277"]
[Result "1/2-1/2"]
[Round "9"]
[TimeControl "180+1"]
[Date "2023.11.07"]
[WhiteClock "0:00:05"]
[BlackClock "0:00:06"]
[Board "1"]

1. d4 b5 2. e4 Bb7 3. Bd3 Nf6 4. Qe2 c5 5. dxc5 Na6 6. Be3 e6 7. f3 Bxc5 8. Bxc5 Nxc5 9. Bxb5 Qb6 10. b3 O-O 11. Nd2 d5 12. e5 Nfd7 13. f4 Rfd8 14. Ngf3 Ne4 15. Bd3 Ndc5 16. Nd4 Nxd3+ 17. Qxd3 Rac8 18. O-O-O Ba6 19. Qe3 Nc3 20. Kb2 Na4+ 21. Ka1 Nc3 22. Nb1 Nxd1 23. Rxd1 Bb5 24. g4 a5 25. f5 a4 26. f6 Qc5 27. Qg5 Qf8 28. Nxb5 Rxc2 29. fxg7 Qe8 30. bxa4 Ra8 31. N1c3 Qc6 32. Rd3 Qc4 33. Rd4 Qf1+ 34. Rd1 Qc4 35. Rd4 Qf1+ 36. Nb1 Rc4 37. Rxc4 Qxc4 38. N1c3 d4 39. Ne4 Qf1+ 40. Kb2 Qe2+ 41. Nd2 Rxa4 42. Nd6 Rb4+ 43. Ka3 Rb8 44. Nb3 Qe1 45. Qf6 Ra8+ 46. Kb2 Qc3+ 47. Kb1 Qd3+ 48. Kb2 Qc3+ 49. Kb1 Qd3+ 50. Ka1 Qc3+ 51. Kb1 1/2-1/2


[Site "https://www.chess.com"]

[Event "Titled Tuesday Blitz November 07 Late 2023"]
[White "Kamsky, Gata"]
[Black "Firouzja, Alireza"]
[WhiteFideId "2000024"]
[BlackFideId "12573981"]
[WhiteElo "2886"]
[BlackElo "3079"]
[Result "0-1"]
[Round "9"]
[TimeControl "180+1"]
[Date "2023.11.07"]
[WhiteClock "0:00:00"]
[BlackClock "0:00:09"]
[Board "2"]

1. d4 a6 2. Bf4 g6 3. c3 Bg7 4. Nf3 Nh6 5. e4 f6 6. h4 Nf7 7. h5 g5 8. Bg3 c6 9. d5 d6 10. Nd4 c5 11. h6 Nxh6 12. Ne6 Bxe6 13. dxe6 O-O 14. Bc4 Nc6 15. Nd2 Qe8 16. Qh5 Qxh5 17. Rxh5 Ng4 18. Ke2 Nge5 19. Bd5 Ng6 20. Rah1 h6 21. Nc4 f5 22. Bxd6 exd6 23. e7+ Rf7 24. Bxf7+ Kxf7 25. Nxd6+ Kxe7 26. Nxf5+ Kf6 27. g3 Re8 28. f3 g4 29. Ne3 gxf3+ 30. Kxf3 Nge5+ 31. Ke2 Kg6 32. Rf5 Nf7 33. Rh4 Ng5 34. Rxc5 Nxe4 35. Rg4+ Kh7 36. Rf5 Nd6 37. Rd5 Be5 38. Kf3 Re7 39. Nc4 Nf7 40. Kg2 Bc7 41. Rd2 Ng5 42. Rf2 Kg6 43. Nd2 Ne5 44. Rd4 h5 45. Ne4 Ng4 46. Re2 Nf6 47. Nxg5 Rxe2+ 48. Kf3 Rxb2 49. Ne6 Bb6 50. Nf4+ Kf5 0-1


[Site "https://www.chess.com"]

[Event "Titled Tuesday Blitz November 07 Late 2023"]
[White "Hakobyan, Aram"]
[Black "Makarian, Rudik"]
[WhiteFideId "13306677"]
[BlackFideId "44105681"]
[WhiteElo "3062"]
[BlackElo "2998"]
[Result "1-0"]
[Round "9"]
[TimeControl "180+1"]
[Date "2023.11.07"]
[WhiteClock "0:00:03"]
[BlackClock "0:00:00"]
[Board "3"]

1. d4 Nf6 2. c4 e6 3. Nc3 d5 4. cxd5 exd5 5. Bg5 c6 6. e3 Bf5 7. Nge2 h6 8. Bf4 Nbd7 9. Ng3 Be6 10. h4 Nb6 11. Bd3 Bd6 12. Bxd6 Qxd6 13. h5 O-O 14. Rh4 Rfe8 15. Kf1 a5 16. Kg1 Qd7 17. Rf4 Qe7 18. Nf5 Bxf5 19. Rxf5 Nc8 20. Qf3 Nd6 21. Re5 Qd7 22. Qf4 Re7 23. f3 Rae8 24. Kf2 Qd8 25. g4 Nd7 26. Rxe7 Qxe7 27. Re1 Nf8 28. Qg3 Ne6 29. Kf1 b5 30. b3 a4 31. bxa4 b4 32. Ne2 Ra8 33. Bc2 Nc4 34. Nf4 Ng5 35. Qf2 c5 36. dxc5 Qxc5 37. Nd3 Qd6 38. Bb3 Re8 39. Nf4 Qe5 40. Ng2 Qc3 41. Rd1 Nxe3+ 42. Nxe3 Rxe3 43. Bxd5 Nxf3 44. Bb3 Kf8 45. Rd8+ Ke7 46. Rd1 Ne5 47. Bd5 Nxg4 48. Qh4+ Nf6 49. Bg2 Re6 50. Qf4 Qc6 51. Bxc6 Rxc6 52. Qxb4+ 1-0


[Site "https://www.chess.com"]

[Event "Titled Tuesday Blitz November 07 Late 2023"]
[White "Martinez Alcantara, Jose Eduardo"]
[Black "Salinas Herrera, Pablo"]
[WhiteFideId "3805662"]
[BlackFideId "3407128"]
[WhiteElo "3051"]
[BlackElo "2908"]
[Result "1-0"]
[Round "9"]
[TimeControl "180+1"]
[Date "2023.11.07"]
[WhiteClock "0:00:19"]
[BlackClock "0:00:00"]
[Board "4"]

1. e4 c5 2. Nf3 e6 3. c3 d5 4. e5 Nc6 5. g3 Nge7 6. Bg2 Ng6 7. d4 Be7 8. O-O O-O 9. h4 f6 10. exf6 Bxf6 11. Be3 Nge7 12. dxc5 Nf5 13. Qe2 Nxe3 14. Qxe3 e5 15. Nbd2 Bg4 16. c4 d4 17. Qb3 Qd7 18. Ne4 Be7 19. Rfe1 Kh8 20. Nfd2 d3 21. Nd6 Bxd6 22. cxd6 Qxd6 23. Qxb7 Nd4 24. Qe4 Be2 25. Rac1 Qf6 26. Qe3 Rad8 27. Be4 h6 28. c5 Qa6 29. c6 Nc2 30. Rxc2 dxc2 31. Bxc2 Qxc6 32. Be4 Qa4 33. Rxe2 Qxa2 34. Nf3 Rfe8 35. Kg2 Qa5 36. h5 Qb6 37. Qc3 Qf6 38. Nh4 Rd4 39. Ng6+ Kg8 40. Qxd4 exd4 41. Bd5+ Kh7 42. Rxe8 1-0


[Site "https://www.chess.com"]

[Event "Titled Tuesday Blitz November 07 Late 2023"]
[White "Deac, Bogdan-Daniel"]
[Black "Bachmann, Axel"]
[WhiteFideId "1226380"]
[BlackFideId "3700488"]
[WhiteElo "2984"]
[BlackElo "2900"]
[Result "1-0"]
[Round "9"]
[TimeControl "180+1"]
[Date "2023.11.07"]
[WhiteClock "0:00:02"]
[BlackClock "0:01:47"]
[Board "5"]

1. d4 d5 2. c4 e6 3. Nc3 c6 4. e4 Bb4 5. e5 Ne7 6. a3 Bxc3+ 7. bxc3 c5 8. Qg4 O-O 9. Nf3 Nbc6 10. Bd3 Nf5 11. Bxf5 exf5 12. Qg3 Kh8 13. Bg5 Qa5 14. Bd2 Be6 15. cxd5 Bxd5 16. c4 Nb4 17. O-O Bxc4 18. axb4 Qc7 19. Rfc1 cxb4 20. Bxb4 Rfe8 21. Nd2 b5 22. Nxc4 bxc4 23. Qc3 Rec8 24. Bc5 a5 25. Qxc4 Qd7 26. Qa4 Qd5 27. Qa2 Qd7 28. Qa4 Qd5 29. h3 f4 30. f3 Rab8 31. Qxa5 Rb2 32. Qe1 Rc6 33. Ra8+ 1-0


[Site "https://www.chess.com"]

[Event "Titled Tuesday Blitz November 07 Late 2023"]
[White "Kozak, Antoni"]
[Black "Aravindh, Chithambaram VR."]
[WhiteFideId "21832030"]
[BlackFideId "5072786"]
[WhiteElo "2824"]
[BlackElo "2941"]
[Result "0-1"]
[Round "9"]
[TimeControl "180+1"]
[Date "2023.11.07"]
[WhiteClock "0:00:00"]
[BlackClock "0:00:15"]
[Board "6"]

1. Nf3 Nf6 2. c4 g6 3. Nc3 c5 4. e4 Nc6 5. d4 cxd4 6. Nxd4 Nxd4 7. Qxd4 d6 8. Be3 Bg7 9. f3 O-O 10. Qd2 a5 11. Be2 a4 12. O-O Be6 13. Rac1 Nd7 14. Rfd1 Ne5 15. Nd5 f5 16. Nf4 Bf7 17. exf5 gxf5 18. Kh1 Nc6 19. Nd5 Qa5 20. Qc2 Nb4 21. Nxb4 Qxb4 22. Bd4 Bxd4 23. Rxd4 Qc5 24. Rcd1 Bg6 25. Rd5 Qe3 26. R5d3 f4 27. c5 Bxd3 28. Bxd3 Qxc5 29. Bxh7+ Kh8 30. Qd3 Rf6 31. Be4 Rg8 32. Bxb7 Qg5 33. Rg1 Rh6 34. g4 fxg3 35. Rg2 Qc1+ 0-1


[Site "https://www.chess.com"]

[Event "Titled Tuesday Blitz November 07 Late 2023"]
[White "Rastbod, Ali"]
[Black "Melkumyan, Hrant"]
[WhiteFideId "12567477"]
[BlackFideId "13302485"]
[WhiteElo "2767"]
[BlackElo "2936"]
[Result "0-1"]
[Round "9"]
[TimeControl "180+1"]
[Date "2023.11.07"]
[WhiteClock "0:00:26"]
[BlackClock "0:01:14"]
[Board "7"]

1. Nf3 d5 2. g3 c6 3. Bg2 Bg4 4. d4 Nd7 5. O-O Ngf6 6. h3 Bxf3 7. exf3 g6 8. f4 Bg7 9. c3 O-O 10. Nd2 e6 11. Nf3 Ne8 12. Ne5 Nd6 13. g4 c5 14. Be3 cxd4 15. Bxd4 Nxe5 16. fxe5 Nc4 17. Qe2 Na5 18. f4 Nc6 19. f5 exf5 20. gxf5 Re8 21. fxg6 hxg6 22. Qf3 Re7 23. Rae1 Bxe5 24. Rxe5 Nxe5 25. Qf6 Re6 26. Bxe5 Rxf6 27. Bxf6 Qd6 28. Bd4 Re8 0-1


[Site "https://www.chess.com"]

[Event "Titled Tuesday Blitz November 07 Late 2023"]
[White "Nihal Sarin"]
[Black "Grigoriants, Sergey"]
[WhiteFideId "25092340"]
[BlackFideId "4130804"]
[WhiteElo "3106"]
[BlackElo "2910"]
[Result "1-0"]
[Round "9"]
[TimeControl "180+1"]
[Date "2023.11.07"]
[WhiteClock "0:00:06"]
[BlackClock "0:00:00"]
[Board "8"]

1. d4 Nf6 2. c4 e6 3. Nf3 d5 4. Nc3 dxc4 5. e4 Bb4 6. Bxc4 Nxe4 7. O-O Nf6 8. Bg5 O-O 9. Qe2 Be7 10. Rad1 c6 11. Ne5 Nd5 12. Bc1 Nd7 13. Ne4 N7f6 14. Ng5 h6 15. Nh3 Bd7 16. Rd3 Be8 17. Rg3 Kh8 18. Bd3 Ng8 19. Rd1 f5 20. Bc4 Ngf6 21. Nf4 Nxf4 22. Bxf4 Nd5 23. Bxd5 Qxd5 24. h4 Rd8 25. Qe3 Rf6 26. Rd3 Qxa2 27. Rb3 b5 28. Bg5 Qa4 29. Ra3 Qxd4 30. Qxd4 Rxd4 31. Rxa7 hxg5 32. hxg5 Rf8 33. Rxe7 Re4 34. Rxe6 Kg8 35. g6 c5 36. Re7 f4 37. Ra3 1-0


[Site "https://www.chess.com"]

[Event "Titled Tuesday Blitz November 07 Late 2023"]
[White "Szpar, Milosz"]
[Black "Pranav, V"]
[WhiteFideId "1184989"]
[BlackFideId "25060783"]
[WhiteElo "2829"]
[BlackElo "3059"]
[Result "1-0"]
[Round "9"]
[TimeControl "180+1"]
[Date "2023.11.07"]
[WhiteClock "0:00:19"]
[BlackClock "0:00:00"]
[Board "9"]

1. Nf3 Nf6 2. c4 e6 3. b3 b6 4. g3 Bb7 5. Bg2 Be7 6. O-O O-O 7. Bb2 d5 8. cxd5 exd5 9. e3 Nbd7 10. Nc3 a6 11. Ne2 Re8 12. Nf4 Bd6 13. d4 Ne4 14. Nd3 a5 15. Qc2 Nf8 16. Nde5 f6 17. Nd3 Qd7 18. Rac1 Rac8 19. Nd2 Nxd2 20. Qxd2 Ne6 21. Rc2 Ng5 22. Qc1 Qf5 23. Nf4 Bxf4 24. exf4 Ne6 25. h4 c6 26. Kh2 Rcd8 27. Re1 Nf8 28. Rce2 Qh5 29. Re7 Rxe7 30. Rxe7 Rd7 31. Qe1 Rxe7 32. Qxe7 Qf7 33. Qd8 b5 34. Qxa5 Ne6 35. f5 Nc7 36. Qa7 Bc8 37. Qb8 Qd7 38. a4 Na6 39. Qa8 bxa4 40. bxa4 Kf7 41. Ba3 Qc7 42. Bf1 Qb7 43. Qxb7+ Bxb7 44. Bd6 g6 45. fxg6+ hxg6 46. g4 Bc8 47. Kg3 Ke6 48. Bxa6 Bxa6 49. Bc5 Kf7 50. h5 gxh5 51. gxh5 Be2 52. f3 Kg7 53. a5 Kh6 54. Kg4 f5+ 55. Kh4 Bxf3 56. a6 1-0


[Site "https://www.chess.com"]

[Event "Titled Tuesday Blitz November 07 Late 2023"]
[White "Bortnyk, Olexandr"]
[Black "Zhigalko, Sergei"]
[WhiteFideId "14120828"]
[BlackFideId "13502956"]
[WhiteElo "3033"]
[BlackElo "2907"]
[Result "0-1"]
[Round "9"]
[TimeControl "180+1"]
[Date "2023.11.07"]
[WhiteClock "0:00:00"]
[BlackClock "0:00:03"]
[Board "10"]

1. e4 c5 2. Be2 Nc6 3. f4 e6 4. Nf3 d5 5. d3 Bd6 6. e5 Be7 7. c3 d4 8. Nbd2 Nh6 9. O-O O-O 10. Ne4 b6 11. Qe1 Bb7 12. Nfg5 dxc3 13. bxc3 c4 14. dxc4 Na5 15. Qg3 Nf5 16. Qg4 h6 17. Rd1 Qc7 18. Nf6+ Kh8 19. Nfh7 Bc5+ 20. Kh1 Rfd8 21. Qh5 Rxd1+ 22. Bxd1 Nxc4 23. Nf6 gxf6 24. exf6 Rg8 0-1


[Site "https://www.chess.com"]

[Event "Titled Tuesday Blitz November 07 Late 2023"]
[White "Ibarra Jerez, Jose Carlos"]
[Black "Rustemov, Alexander"]
[WhiteFideId "2226332"]
[BlackFideId "4119002"]
[WhiteElo "3002"]
[BlackElo "2815"]
[Result "0-1"]
[Round "9"]
[TimeControl "180+1"]
[Date "2023.11.07"]
[WhiteClock "0:00:09"]
[BlackClock "0:01:41"]
[Board "11"]

1. e4 e6 2. d3 c5 3. Nf3 Nc6 4. g3 g6 5. Bg2 Bg7 6. O-O Nge7 7. c3 d5 8. Qe2 h6 9. h4 b6 10. e5 Ba6 11. c4 O-O 12. Nc3 Bb7 13. Bf4 Qd7 14. Rfe1 Rad8 15. Nb5 Nf5 16. cxd5 Qxd5 17. Qf1 Qxd3 18. g4 Qxf1+ 19. Kxf1 Ba6 20. a4 Nfd4 21. Nxd4 Nxd4 22. Be4 Nxb5 23. axb5 Bxb5+ 24. Kg2 a5 25. Ra3 Bc4 26. Kg3 Rd4 27. f3 Rfd8 28. Kh3 Bd5 29. Bc2 Rxf4 0-1


[Site "https://www.chess.com"]

[Event "Titled Tuesday Blitz November 07 Late 2023"]
[White "BardArtem"]
[Black "Hong, Andrew"]
[BlackFideId "2099438"]
[WhiteElo "2779"]
[BlackElo "2975"]
[Result "1-0"]
[Round "9"]
[TimeControl "180+1"]
[Date "2023.11.07"]
[WhiteClock "0:00:35"]
[BlackClock "0:00:10"]
[Board "12"]

1. e4 c6 2. d4 d5 3. exd5 cxd5 4. Bd3 Nf6 5. h3 g6 6. c3 Bf5 7. Be2 Be4 8. Nf3 Bxf3 9. Bxf3 e6 10. O-O Bd6 11. Re1 O-O 12. Bg5 Be7 13. Nd2 Nc6 14. Be2 Nd7 15. Bh6 Re8 16. Nf3 Rb8 17. Bf4 Rc8 18. a4 Na5 19. Bb5 a6 20. Bxd7 Qxd7 21. Ne5 Qd8 22. Qf3 f6 23. Nd3 Bf8 24. Re2 Qd7 25. Rae1 Kg7 26. h4 Nc4 27. h5 g5 28. Bc1 h6 29. Qh3 Kf7 30. f4 Rc6 31. fxg5 hxg5 32. b3 Nb6 33. Bxg5 Qc8 34. Rf1 Rxc3 35. Rxf6+ Kg8 36. Qg3 Kh8 37. Bh6 Nd7 38. Rxf8+ Rxf8 39. Qg7# 1-0


[Site "https://www.chess.com"]

[Event "Titled Tuesday Blitz November 07 Late 2023"]
[White "Sarana, Alexey"]
[Black "Ghasi, Ameet K"]
[WhiteFideId "24133795"]
[BlackFideId "409200"]
[WhiteElo "2974"]
[BlackElo "2813"]
[Result "1-0"]
[Round "9"]
[TimeControl "180+1"]
[Date "2023.11.07"]
[WhiteClock "0:00:22"]
[BlackClock "0:00:03"]
[Board "13"]

1. d4 g6 2. e4 Bg7 3. Nc3 d6 4. f4 e6 5. Nf3 Ne7 6. Bd3 Nd7 7. O-O c5 8. dxc5 Nxc5 9. Bb5+ Nc6 10. e5 d5 11. Be3 Bf8 12. Nd4 Bd7 13. Kh1 a6 14. Be2 Rc8 15. Bf3 h5 16. a3 Ne7 17. Qd2 Nf5 18. Bf2 Bc6 19. Rad1 h4 20. Nxc6 bxc6 21. b4 Nd7 22. Ne2 a5 23. c4 axb4 24. axb4 Bh6 25. b5 Nxe5 26. Qc3 Bg7 27. fxe5 cxb5 28. Qb2 bxc4 29. Nf4 Qc7 30. Rfe1 O-O 31. Bg4 c3 32. Qe2 Rfe8 33. Bxf5 exf5 34. Bd4 c2 35. Rc1 Qc4 36. Qf2 Bh6 37. e6 Bxf4 38. Qxf4 f6 39. Qxh4 g5 40. Qf2 Rc6 41. Qxf5 Qxd4 42. Qg6+ Kf8 43. Qf7# 1-0


[Site "https://www.chess.com"]

[Event "Titled Tuesday Blitz November 07 Late 2023"]
[White "Korchmar, Vasiliy"]
[Black "Makhnev, Denis"]
[WhiteFideId "24131750"]
[BlackFideId "13707647"]
[WhiteElo "2766"]
[BlackElo "2954"]
[Result "0-1"]
[Round "9"]
[TimeControl "180+1"]
[Date "2023.11.07"]
[WhiteClock "0:00:00"]
[BlackClock "0:00:50"]
[Board "14"]

1. e4 e5 2. Nf3 Nc6 3. Nc3 Nf6 4. Bb5 Bd6 5. d3 a6 6. Ba4 h6 7. a3 b5 8. Bb3 Bc5 9. Nxe5 Nxe5 10. d4 Bxd4 11. Qxd4 d6 12. f4 Nc6 13. Qd3 O-O 14. O-O Bb7 15. Bd2 Na5 16. Ba2 c5 17. Bd5 Re8 18. Rae1 Qb6 19. Bxb7 Qxb7 20. Nd5 Nxd5 21. exd5 Nc4 22. Bc3 Nb6 23. Qg3 f6 24. Bxf6 Nxd5 25. Bh4 Rxe1 26. Rxe1 Rf8 27. Rf1 Rf5 28. Qg6 Qf7 29. Qxd6 Nxf4 30. Kh1 Ng6 31. Rg1 Rd5 32. Qb8+ Kh7 33. Bg3 Rd2 34. c3 Rxb2 35. Qc8 c4 36. Qxa6 Qd5 37. a4 b4 38. cxb4 c3 39. b5 c2 40. Qc6 Qxc6 41. bxc6 Rb1 42. c7 Rxg1+ 0-1


[Site "https://www.chess.com"]

[Event "Titled Tuesday Blitz November 07 Late 2023"]
[White "Rasulov, Vugar"]
[Black "Maksimovic, Bojan"]
[WhiteFideId "13402390"]
[BlackFideId "14408120"]
[WhiteElo "2951"]
[BlackElo "2748"]
[Result "0-1"]
[Round "9"]
[TimeControl "180+1"]
[Date "2023.11.07"]
[WhiteClock "0:00:04"]
[BlackClock "0:01:29"]
[Board "15"]

1. d4 Nf6 2. Nf3 g6 3. g3 Bg7 4. Bg2 O-O 5. O-O d6 6. Re1 Nbd7 7. e4 e5 8. Nc3 c6 9. a4 a5 10. h3 Re8 11. b3 exd4 12. Nxd4 Nc5 13. Ba3 Qb6 14. Rb1 Bd7 15. Bb2 Re7 16. f3 Rae8 17. Kh2 d5 18. e5 Rxe5 19. Rxe5 Rxe5 20. Qd2 Qc7 21. Nce2 Nh5 22. f4 Re8 23. Bc3 Nf6 24. Bxa5 b6 25. Bb4 Nce4 26. Qd3 c5 27. Be1 cxd4 28. Nxd4 Nc5 29. Qd1 Nfe4 30. Ra1 h5 31. a5 h4 32. axb6 hxg3+ 33. Bxg3 Qxb6 34. Qf3 Bxd4 0-1


[Site "https://www.chess.com"]

[Event "Titled Tuesday Blitz November 07 Late 2023"]
[White "Oglaza, Oskar"]
[Black "Rostovtsev, Dmitry"]
[WhiteFideId "1194402"]
[BlackFideId "34278320"]
[WhiteElo "2574"]
[BlackElo "2939"]
[Result "0-1"]
[Round "9"]
[TimeControl "180+1"]
[Date "2023.11.07"]
[WhiteClock "0:00:18"]
[BlackClock "0:01:32"]
[Board "16"]

1. e4 e5 2. d4 exd4 3. Qxd4 Nc6 4. Qe3 Nf6 5. Nc3 Bb4 6. Bd2 O-O 7. O-O-O Re8 8. Qg3 Nxe4 9. Nxe4 Rxe4 10. c3 Bc5 11. Bd3 Re8 12. Nf3 d5 13. Bg5 f6 14. h4 Bd6 15. Bf4 Bxf4+ 16. Qxf4 Ne5 17. Bc2 Qd6 18. Kb1 Bd7 19. h5 Nc4 20. Qd4 Qb6 21. Qxb6 Nxb6 22. h6 g6 23. Rhe1 Rxe1 24. Rxe1 Re8 25. Rxe8+ Bxe8 26. b3 c5 27. Kc1 Kf7 28. Kd2 Ke6 29. Ke3 Nc8 30. g4 Nd6 31. Kf4 Nf7 32. g5 Bb5 33. gxf6 Kxf6 34. a4 Be2 35. Ng1 Bh5 36. f3 Nxh6 37. c4 d4 38. Be4 b6 39. Ne2 Nf7 40. Ng3 g5# 0-1


[Site "https://www.chess.com"]

[Event "Titled Tuesday Blitz November 07 Late 2023"]
[White "Indjic, Aleksandar"]
[Black "Prithu Gupta"]
[WhiteFideId "911925"]
[BlackFideId "46618546"]
[WhiteElo "2917"]
[BlackElo "2427"]
[Result "1-0"]
[Round "9"]
[TimeControl "180+1"]
[Date "2023.11.07"]
[WhiteClock "0:01:54"]
[BlackClock "0:00:00"]
[Board "17"]

1. d4 Nf6 2. c4 e6 3. Nc3 d5 4. Nf3 Be7 5. Bg5 O-O 6. e3 h6 7. Bxf6 Bxf6 8. h4 c5 9. g4 cxd4 10. exd4 Nc6 11. g5 hxg5 12. hxg5 Bxg5 13. Qd3 f5 14. Be2 dxc4 15. Qxc4 Bf6 16. O-O-O Qd6 17. Kb1 Qb4 18. Qd3 Bd7 19. a3 Qd6 20. d5 exd5 21. Nxd5 Rad8 22. Qb3 Be6 23. Bc4 Na5 24. Nxf6+ Rxf6 25. Bxe6+ 1-0


[Site "https://www.chess.com"]

[Event "Titled Tuesday Blitz November 07 Late 2023"]
[White "Matlakov, Maxim"]
[Black "Perske, Thore"]
[WhiteFideId "4168003"]
[BlackFideId "12902195"]
[WhiteElo "2962"]
[BlackElo "2655"]
[Result "1-0"]
[Round "9"]
[TimeControl "180+1"]
[Date "2023.11.07"]
[WhiteClock "0:00:26"]
[BlackClock "0:00:12"]
[Board "18"]

1. d4 Nf6 2. Nf3 g6 3. Bg5 Bg7 4. Nbd2 d5 5. e3 O-O 6. c3 Nbd7 7. Be2 b6 8. h3 Bb7 9. Bf4 c5 10. a4 a6 11. O-O Re8 12. Qb1 e6 13. b4 cxd4 14. cxd4 Rc8 15. a5 Ne4 16. Rc1 Nc3 17. Qd3 Nxe2+ 18. Qxe2 Rxc1+ 19. Rxc1 bxa5 20. Bc7 Qe7 21. Bxa5 Rc8 22. Qf1 Rxc1 23. Qxc1 Qd6 24. Nb3 Bc6 25. Nc5 Bb5 26. h4 h6 27. g3 Qc6 28. Kg2 Nb6 29. Bxb6 Qxb6 30. Ne5 Qc7 31. Qa1 Bf8 32. Qb1 Bg7 33. Nxg6 fxg6 34. Qxg6 Qf7 35. Qxe6 Qxe6 36. Nxe6 Bh8 37. g4 Kf7 38. Nc5 Bf6 39. Kg3 Be7 40. f4 Kf6 41. Kf3 Kg6 42. h5+ Kf7 43. e4 dxe4+ 44. Kxe4 Bc4 45. Kf5 Bd6 46. g5 hxg5 47. fxg5 Bxc5 48. dxc5 Bd3+ 49. Ke5 Be2 50. h6 Bd3 51. Kd6 Kg6 52. c6 Kxg5 53. c7 Bf5 54. h7 1-0


[Site "https://www.chess.com"]

[Event "Titled Tuesday Blitz November 07 Late 2023"]
[White "Yeletsky, Ivan"]
[Black "Roebers, Eline"]
[WhiteFideId "24180327"]
[BlackFideId "1058401"]
[WhiteElo "2925"]
[BlackElo "2651"]
[Result "1-0"]
[Round "9"]
[TimeControl "180+1"]
[Date "2023.11.07"]
[WhiteClock "0:00:15"]
[BlackClock "0:01:10"]
[Board "19"]

1. e4 c5 2. Nf3 e6 3. b3 b6 4. Bb2 Bb7 5. Qe2 Nf6 6. Nc3 Nc6 7. e5 Ng4 8. h3 Nh6 9. O-O-O Nf5 10. Ne4 Rc8 11. Kb1 Qc7 12. Qe1 a6 13. g4 Nfd4 14. Nxd4 cxd4 15. Nd6+ Bxd6 16. exd6 Qxd6 17. Bg2 O-O 18. d3 Rc7 19. Qd2 Rfc8 20. Rhe1 a5 21. a3 e5 22. f4 exf4 23. Re4 g5 24. Rde1 h6 25. h4 b5 26. hxg5 hxg5 27. Re8+ Rxe8 28. Rxe8+ Kg7 29. Bxc6 Bxc6 30. Qh2 Kg6 31. Qh5+ Kf6 32. Qh8+ Kg6 33. Rg8# 1-0


[Site "https://www.chess.com"]

[Event "Titled Tuesday Blitz November 07 Late 2023"]
[White "Fiorito, Francisco"]
[Black "Leitao, Rafael"]
[WhiteFideId "180165"]
[BlackFideId "2101246"]
[WhiteElo "2620"]
[BlackElo "2797"]
[Result "1-0"]
[Round "9"]
[TimeControl "180+1"]
[Date "2023.11.07"]
[WhiteClock "0:00:21"]
[BlackClock "0:00:06"]
[Board "20"]

1. Nf3 Nf6 2. g3 g6 3. b3 Bg7 4. Bb2 d6 5. d4 c5 6. Bg2 cxd4 7. Nxd4 O-O 8. O-O d5 9. Nf3 Nc6 10. Nbd2 Bf5 11. c4 d4 12. b4 d3 13. Qb3 dxe2 14. Rfe1 Bd3 15. b5 Na5 16. Qa4 Ng4 17. Bxg7 Kxg7 18. h3 Nf6 19. Ne5 Rc8 20. Nxd3 Qxd3 21. Qxa5 b6 22. Qb4 Rfd8 23. Nf3 Rc5 24. Qb2 Qxc4 25. Qxe2 Qxe2 26. Rxe2 e6 27. a4 Nd5 28. Rd2 Rdc8 29. Nd4 Rc4 30. Nc6 Nc3 31. Nxa7 R8c7 32. Nc6 Nxa4 33. Bf1 Re4 34. f3 Re3 35. Rxa4 Rxf3 36. Kg2 Rc3 37. Rad4 1-0


[Site "https://www.chess.com"]

[Event "Titled Tuesday Blitz November 07 Late 2023"]
[White "Zakaryan, David"]
[Black "Tatarinov, Dmitry"]
[WhiteFideId "24101923"]
[BlackFideId "24160067"]
[WhiteElo "2648"]
[BlackElo "2729"]
[Result "1-0"]
[Round "9"]
[TimeControl "180+1"]
[Date "2023.11.07"]
[WhiteClock "0:00:19"]
[BlackClock "0:00:00"]
[Board "21"]

1. Nf3 d5 2. g3 Nd7 3. Bg2 e5 4. d3 Ngf6 5. c4 dxc4 6. dxc4 Bb4+ 7. Nc3 Bxc3+ 8. bxc3 O-O 9. O-O Re8 10. a4 e4 11. Nd4 a6 12. a5 Ne5 13. c5 Bd7 14. Qb3 Qc8 15. Bg5 Neg4 16. h3 h6 17. Bh4 g5 18. Bxg5 hxg5 19. hxg4 Bxg4 20. c6 bxc6 21. Qc4 Kg7 22. Qxc6 Qd7 23. Qc5 Qd6 24. Qxg5+ Kf8 25. Rad1 Qe5 26. Qh6+ Kg8 27. f4 exf3 28. exf3 Bd7 29. Rfe1 Qxe1+ 30. Rxe1 Rxe1+ 31. Kf2 Rae8 32. Qxf6 Ra1 33. Qg5+ Kf8 34. g4 Ra2+ 35. Kg3 Re1 36. Qc5+ Kg8 37. Nf5 Bxf5 38. Qxf5 Rg1 39. Qg5+ Kf8 40. Qc5+ Kg8 41. Qxg1 1-0


[Site "https://www.chess.com"]

[Event "Titled Tuesday Blitz November 07 Late 2023"]
[White "Remolar Gallen, Jose"]
[Black "Pakleza, Zbigniew"]
[WhiteFideId "2215187"]
[BlackFideId "1119290"]
[WhiteElo "2539"]
[BlackElo "2723"]
[Result "0-1"]
[Round "9"]
[TimeControl "180+1"]
[Date "2023.11.07"]
[WhiteClock "0:00:33"]
[BlackClock "0:02:02"]
[Board "22"]

1. e4 d6 2. d4 Nf6 3. Nc3 c6 4. f4 Qb6 5. Nf3 Bg4 6. Be2 Bxf3 7. Bxf3 e5 8. fxe5 dxe5 9. dxe5 Nfd7 10. e6 fxe6 11. Qe2 Ne5 12. Bd2 Qxb2 13. O-O Qxc2 14. Rab1 b6 15. Bh5+ g6 16. Rfc1 Qd3 17. Bf4 Nbd7 18. Qf2 Bc5 0-1


[Site "https://www.chess.com"]